 Dungeon Crawl Stone Soup version 0.21.1-1-g345015f (webtiles) character file.

53 Kairos the Cudgeler (level 4, -1/35 HPs)
             Began as a Human Monk on Mar 26, 2018.
             Slain by a gnoll
             ... wielding a +0 spear
              (4 damage)
             ... on level 2 of the Dungeon.
             The game lasted 00:02:53 (1482 turns).

Kairos the Cudgeler (Human Monk)                    Turns: 1482, Time: 00:02:53

Health: -1/35      AC:  9    Str: 12    XL:     4   Next: 10%
Magic:  4/4        EV: 14    Int: 11    God:
Gold:   53         SH:  0    Dex: 15    Spells: 3/3 levels left

rFire    . . .     SeeInvis .   a - +0 mace
rCold    . . .     Gourm    .   (no shield)
rNeg     . . .     Faith    .   b - +0 robe
rPois    .         Spirit   .   n - +0 helmet
rElec    .         Reflect  .   (no cloak)
rCorr    .         Harm     .   l - +0 pair of gloves
MR       .....                  (no boots)
Stlth    ++........             (no amulet)
HPRegen  0.11/turn              k - +5 ring of protection
MPRegen  0.09/turn              (no ring)

@: lethally poisoned (-1 -> -6)
A: no striking features
a: no special abilities


You were on level 2 of the Dungeon.
You were hungry.

You visited 1 branch of the dungeon, and saw 2 of its levels.

You collected 53 gold pieces.

Inventory:

Hand Weapons
 a - a +0 mace (weapon)
Armour
 b - a +0 robe (worn)
 l - a +0 pair of gloves (worn)
 n - a +0 helmet (worn)
Jewellery
 k - a +5 ring of protection (left hand)
Scrolls
 f - a scroll of fog {unknown}
 i - 4 scrolls of magic mapping {unknown}
 j - a scroll of remove curse {unknown}
 m - a scroll of identify {unknown}
 p - a scroll of amnesia {unknown}
 s - a scroll of fear {unknown}
Potions
 d - a potion of haste {unknown}
 e - a potion of brilliance {unknown}
 g - a potion of flight {unknown}
 h - a potion of curing {unknown}
 o - a potion of degeneration {unknown}
 q - a potion of mutation {unknown}
 r - a potion of agility {unknown}
Comestibles
 c - 6 rations


   Skills:
 + Level 3.3 Fighting
 + Level 3.7 Maces & Flails
 + Level 3.4 Dodging
 + Level 2.5 Stealth


You had 3 spell levels left.
You didn't know any spells.

Dungeon Overview and Level Annotations

Branches:
Dungeon (2/15)

Altars:
Dithmenos
Gozag


Message History

* * * LOW HITPOINT WARNING * * *
The gnoll misses you. The gnoll hits you but does no damage.
The gnoll hits you with a halberd of venom.
* * * LOW HITPOINT WARNING * * *
The gnoll hits you with a spear.
* * * LOW HITPOINT WARNING * * *
You completely miss the gnoll.
The gnoll is severely wounded.
The gnoll hits you with a halberd of venom.
* * * LOW HITPOINT WARNING * * *
You are lethally poisoned!
The gnoll hits you but does no damage.
You barely miss the gnoll.
The gnoll is severely wounded.
* * * LOW HITPOINT WARNING * * *
You feel sick. The gnoll closely misses you. x2
You hit the gnoll but do no damage.
* * * LOW HITPOINT WARNING * * *
You feel sick. The gnoll barely misses you. The gnoll hits you with a spear.
You die...

#### #.# # #^# # #.# # # #.# .
#.# ## ###. #.# #.. ....
###############.########.#####...
...............%...........<.....
..............).@g#.....#.####..#
##......#######.g.'.....'...†...#
##......# #######.#.....#.#####.#
##......# #.........#####.# #.#
######.####.........#####.#####.#
'....#§#..'......)..'.g.........#
##.##§§.###.........#####.#######
##.#.#.#.##.........# #..÷#
##.§§._§§§...........# #...#+###


You could see 2 gnolls.

Vanquished Creatures
  A gnoll (D:2)
  An adder (D:1)
  2 dart slugs (D:1)
  3 leopard geckos
  3 bats
  A giant cockroach (D:2)
  5 goblins
  2 hobgoblins
  A quokka (D:2)
  3 frilled lizards
  5 rats
27 creatures vanquished.

Notes
Turn   | Place    | Note
-------+----------+-------------------------------------------
     0 | D:1      | Kairos the Human Monk began the quest for the Orb.
     0 | D:1      | Reached XP level 1. HP: 18/18 MP: 1/1
    68 | D:1      | Reached XP level 2. HP: 21/24 MP: 2/2
   479 | D:1      | Reached XP level 3. HP: 19/29 MP: 3/3
  1329 | D:2      | Found a shadowy altar of Dithmenos.
  1384 | D:2      | Found an opulent altar of Gozag.
  1469 | D:2      | Reached XP level 4. HP: 19/35 MP: 4/4
  1482 | D:2      | Slain by a gnoll

Action                   |  1- 3 |  4- 6 || total
-------------------------+-------+-------++-------
Melee: Mace              |    82 |     8 ||    90
 Stab: Sleeping          |     7 |       ||     7
  Eat: Chunk             |     1 |       ||     1
Armor: Robe              |    22 |     4 ||    26
Dodge: Dodged            |    61 |     7 ||    68
